 Dungeon Crawl Stone Soup version 0.28.0-53-g5a82cb258f (webtiles) character file.

Game seed: 5482651000523980214

569908 jjjjhere the Impregnable (level 25, 0/255 HPs)
             Began as a Minotaur Fighter on Aug 20, 2022.
             Was the Champion of Makhleb.
             Killed from afar by an orb of fire (12 damage)
             ... with a bolt of fire
             ... on level 5 of the Realm of Zot on Aug 21, 2022.
             The game lasted 01:48:22 (68284 turns).

jjjjhere the Impregnable (Minotaur Fighter)        Turns: 68284, Time: 01:48:22

Health: 0/255      AC: 47    Str: 36 (37) XL:     25   Next: 60%
Magic:  0/32       EV: 19    Int:  5      God:    Makhleb [******]
Gold:   5665       SH: 24    Dex: 19      Spells: 24/24 levels left

rFire   + + .      SeeInvis +   j - +9 broad axe (freeze)
rCold   + + .      Faith    .   t - +1 tower shield
rNeg    . . .      Spirit   +   u - +10 gold dragon scales of Fashionability {rPois rF+ rC+ SInv}
rPois   +          Reflect  .   (helmet restricted)
rElec   +          Harm     .   K - +2 cloak of the Thief {*Fog Slay-2 SInv Stlth+}
rCorr   +          Rampage  .   c - +0 pair of fencer's gloves {Riposte Dex+3}
Will    +++..                   f - +2 pair of boots
Stlth   ..........              s - amulet "Yhocsops" {Spirit Will+ Str+3 Dex+4}
HPRegen 0.52/turn               m - ring of Quroxa {rElec Will+ rCorr Dex+4 Stlth-}
MPRegen 0.23/turn               e - ring of Hoclar {MP+9 Str+6 Dex-5 Slay+6 Stlth+}

@: mighty, resistant (expiring), marked, hasted (expiring), studying Staves,
very quick
A: horns 2, retaliatory headbutt, clumsy 1, deterioration 2, low MP 2
}: 3/15 runes: barnacled, silver, gossamer
a: Renounce Religion, Minor Destruction, Lesser Servant of Makhleb, Major
Destruction, Greater Servant of Makhleb


You were on level 5 of the Realm of Zot.
You worshipped Makhleb.
Makhleb was exalted by your worship.
You visited 10 branches of the dungeon, and saw 49 of its levels.
You also visited: Bailey.

You collected 8813 gold pieces.
You spent 3148 gold pieces at shops.

Inventory:

Hand Weapons
 j - a +9 broad axe of freezing (weapon)
 G - the +8 trident of the Octopus King {venom, rElec rPois}
   (You found it on level 8 of the Dungeon)

   It poisons the flesh of those it strikes.
   rElec:     It insulates you from electricity.
   rPois:     It protects you from poison.
Missiles
 l - 11 throwing nets
 C - 24 boomerangs (quivered)
 E - 20 javelins
 N - 15 curare-tipped darts
Armour
 c - the +0 pair of fencer's gloves (worn) {Riposte Dex+3}
   (You bought it in a shop on level 12 of the Dungeon)

   It allows the wearer to riposte with melee weapons, swiftly retaliating
   against missed attacks.
   Dex:       It affects your dexterity (+3).
 f - a +2 pair of boots (worn)
 t - a +1 tower shield (worn)
 u - the +10 gold dragon scales of Fashionability (worn) {rPois rF+ rC+ SInv}
   (You took it off a deep elf high priest on level 5 of the Vaults)

   rF:        It protects you from fire.
   rC:        It protects you from cold.
   rPois:     It protects you from poison.
   SInv:      It lets you see invisible.
 K - the +2 cloak of the Thief (worn) {*Fog Slay-2 SInv Stlth+}
   (You found it on level 2 of the Vaults)

   It may release a thick cloud of smoke when the wearer is hurt.
   Slay:      It affects your accuracy & damage with ranged weapons and melee
   (-2).
   SInv:      It lets you see invisible.
   Stlth:     It makes you more stealthy.
Jewellery
 e - the ring of Hoclar (right hand) {MP+9 Str+6 Dex-5 Slay+6 Stlth+}
   (You found it on level 6 of the Lair of Beasts)

   [ring of strength]

   Str:       It affects your strength (+6).
   Dex:       It affects your dexterity (-5).
   Slay:      It affects your accuracy & damage with ranged weapons and melee
   (+6).
   MP:        It affects your magic capacity (+9).
   Stlth:     It makes you more stealthy.
 i - the ring of the King {Fly rCorr Str+3}
   (You bought it in a shop on level 13 of the Dungeon)

   [ring of resist corrosion]

   Str:       It affects your strength (+3).
   Fly:       It grants you flight.
   rCorr:     It protects you from acid and corrosion.
 m - the ring of Quroxa (left hand) {rElec Will+ rCorr Dex+4 Stlth-}
   (You bought it in a shop on level 2 of the Orcish Mines)

   [ring of resist corrosion]

   Dex:       It affects your dexterity (+4).
   rElec:     It insulates you from electricity.
   rCorr:     It protects you from acid and corrosion.
   Will:      It increases your willpower.
   Stlth:     It makes you less stealthy.
 o - a ring of positive energy
 r - the ring "Foimpeb" {Wiz *Corrode rPois rC+ Dex+3}
   (You took it off a merfolk on level 4 of the Shoals)

   [ring of wizardry]

   It improves your spell success rate.
   Dex:       It affects your dexterity (+3).
   rC:        It protects you from cold.
   rPois:     It protects you from poison.
   *Corrode:  It may corrode you when you take damage.
 s - the amulet "Yhocsops" (around neck) {Spirit Will+ Str+3 Dex+4}
   (You bought it in a shop on level 6 of the Dungeon)

   [amulet of guardian spirit]

   It causes incoming damage to be divided between your reserves of health and
   magic.
   Str:       It affects your strength (+3).
   Dex:       It affects your dexterity (+4).
   Will:      It increases your willpower.
 w - the ring of the Heavens {rPois rF+ Int+6 Dex-3 Stlth+}
   (You found it on level 3 of the Elven Halls)

   [ring of intelligence]

   Int:       It affects your intelligence (+6).
   Dex:       It affects your dexterity (-3).
   rF:        It protects you from fire.
   rPois:     It protects you from poison.
   Stlth:     It makes you more stealthy.
 z - a ring of flight
 J - the amulet of Conversion {Spirit *Slow +Blink rElec Dex+5}
   (You found it on level 8 of the Dungeon)

   [amulet of guardian spirit]

   It causes incoming damage to be divided between your reserves of health and
   magic.
   Dex:       It affects your dexterity (+5).
   rElec:     It insulates you from electricity.
   +Blink:    It lets you blink.
   *Slow:     It may slow you when you take damage.
 U - a +4 ring of evasion
Wands
 y - a wand of paralysis (34)
 A - a wand of charming (9)
 B - a wand of mindburst (36)
 O - a wand of acid (29)
 X - a wand of iceblast (35)
 Z - a wand of digging (26)
Scrolls
 b - 2 scrolls of magic mapping
 h - 12 scrolls of teleportation
 F - 8 scrolls of blinking
 I - 2 scrolls of fear
 L - 2 scrolls of silence
 Q - 2 scrolls of summoning
 T - 35 scrolls of identify
 W - 3 scrolls of fog
Potions
 d - 4 potions of might
 g - 16 potions of curing
 n - 4 potions of heal wounds
 q - 3 potions of resistance
 v - 3 potions of cancellation
 D - 6 potions of flight
 H - 9 potions of mutation
 M - 3 potions of berserk rage
 P - 12 potions of ambrosia
 S - 5 potions of invisibility
 Y - 9 potions of haste
Miscellaneous
 k - a phantom mirror
 p - a tin of tremorstones (2/2)
 x - a phial of floods
 R - a condenser vane
 V - a box of beasts


   Skills:
 + Level 26.4 Fighting
 - Level 18.0 Axes
 - Level 12.0 Throwing
 + Level 26.4 Armour
 + Level 20.4 Dodging
 - Level 21.8 Shields
 - Level 10.6 Invocations
 + Level 12.8 Evocations


You had 24 spell levels left.
You didn't know any spells.
Your spell library contained the following spells:

 Spells                   Type           Power      Damage    Failure   Level
 Animate Skeleton         Necr           0%         N/A       98%         1
 Apportation              Tloc           0%         N/A       98%         1
 Beastly Appendage        Tmut           0%         N/A       98%         1
 Freeze                   Ice            0%         1d3       98%         1
 Magic Dart               Conj           0%         1d3       98%         1
 Pain                     Necr           0%         1d4       98%         1
 Sandblast                Erth           0%         2d4       98%         1
 Shock                    Conj/Air       0%         1d3       98%         1
 Slow                     Hex            0%         N/A       98%         1
 Summon Small Mammal      Summ           0%         N/A       98%         1
 Ensorcelled Hibernation  Hex/Ice        0%         N/A       99%         2
 Passwall                 Tmut/Erth      0%         N/A       99%         2
 Scorch                   Fire           0%         2d5       99%         2
 Searing Ray              Conj           0%         2d4       99%         2
 Sublimation of Blood     Necr           0%         N/A       99%         2
 Wereblood                Tmut           0%         N/A       99%         2
 Call Canine Familiar     Summ           0%         N/A       100%        3
 Confusing Touch          Hex            0%         N/A       100%        3
 Dazzling Flash           Conj/Hex       0%         N/A       100%        3
 Frozen Ramparts          Ice            0%         1d2       100%        3
 Gell's Gravitas          Tloc           0%         N/A       100%        3
 Ignite Poison            Fire/Tmut/Pois 0%         N/A       100%        3
 Mephitic Cloud           Conj/Pois/Air  0%         N/A       100%        3
 Ozocubu's Armour         Ice            0%         N/A       100%        3
 Spider Form              Tmut/Pois      0%         N/A       100%        3
 Stone Arrow              Conj/Erth      0%         3d7       100%        3
 Summon Guardian Golem    Hex/Summ       0%         N/A       100%        3
 Swiftness                Air            0%         N/A       100%        3
 Teleport Other           Tloc           0%         N/A       100%        3
 Tukima's Dance           Hex            0%         N/A       100%        3
 Vampiric Draining        Necr           0%         2d6       100%        3
 Airstrike                Air            0%         N/A       100%        4
 Anguish                  Hex/Necr       0%         N/A       100%        4
 Animate Armour           Summ/Erth      0%         N/A       100%        4
 Animate Dead             Necr           0%         N/A       100%        4
 Flame Wave               Conj/Fire      0%         2d4       100%        4
 Fulminant Prism          Conj/Hex       0%         3d6       100%        4
 Ice Form                 Ice/Tmut       0%         N/A       100%        4
 Iskenderun's Mystic Bla  Conj/Tloc      0%         2d3       100%        4
 Olgreb's Toxic Radiance  Pois           0%         N/A       100%        4
 Passage of Golubria      Tloc           0%         N/A       100%        4
 Summon Ice Beast         Ice/Summ       0%         N/A       100%        4
 Summon Lightning Spire   Summ/Air       0%         N/A       100%        4
 Agony                    Necr           0%         N/A       100%        5
 Alistair's Intoxication  Tmut/Pois      0%         N/A       100%        5
 Borgnjor's Vile Clutch   Necr/Erth      0%         N/A       100%        5
 Excruciating Wounds      Necr           0%         N/A       100%        5
 Fireball                 Conj/Fire      0%         3d3       100%        5
 Freezing Cloud           Conj/Ice/Air   0%         6-21      100%        5
 Lightning Bolt           Conj/Air       0%         1d11      100%        5
 Metabolic Englaciation   Hex/Ice        0%         N/A       100%        5
 Silence                  Hex/Air        0%         N/A       100%        5
 Summon Mana Viper        Hex/Summ       0%         N/A       100%        5
 Yara's Violent Unravell  Hex/Tmut       0%         3d3       100%        5
 Death Channel            Necr           0%         N/A       100%        6
 Dispersal                Tloc           0%         N/A       100%        6
 Simulacrum               Ice/Necr       0%         N/A       100%        6
 Starburst                Conj/Fire      0%         6d3       100%        6
 Summon Cactus Giant      Summ           0%         N/A       100%        6
 Enfeeble                 Hex            0%         N/A       100%        7
 Monstrous Menagerie      Summ           0%         N/A       100%        7
 Orb of Destruction       Conj           0%         9d5       100%        7
 Ozocubu's Refrigeration  Ice            0%         4d5       100%        7
 Spellforged Servitor     Conj/Summ      0%         N/A       100%        7
 Storm Form               Tmut/Air       0%         N/A       100%        7
 Summon Hydra             Summ           0%         N/A       100%        7
 Disjunction              Tloc           0%         N/A       100%        8
 Ignition                 Fire           0%         3d3       100%        8
 Lehudib's Crystal Spear  Conj/Erth      0%         10d2      100%        8
 Maxwell's Capacitive Co  Air            0%         ∞         100%        8
 Polar Vortex             Ice            0%         N/A       100%        9


Dungeon Overview and Level Annotations

Branches:
Dungeon (15/15)            Temple (1/1) D:5            Lair (6/6) D:9
 Shoals (4/4) Lair:4       Spider (4/4) Lair:3        Slime (0/5) Lair:6
    Orc (2/2) D:9             Elf (3/3) Orc:2        Vaults (5/5) D:14
  Crypt (0/3) Vaults:2     Depths (4/4) D:15            Zot (5/5) Depths:4
 Bailey (visited)

Altars:
Ashenzari
Cheibriados
Dithmenos
Elyvilon
Fedhas
Gozag
Hepliaklqana
Kikubaaqudgha
Makhleb
Nemelex Xobeh
Okawaru
Qazlal
Ru
Sif Muna
Trog
Uskayaw
Vehumet
Wu Jian
Xom
Yredelemnul
Zin
The Shining One
Beogh
Jiyva
Lugonu

Shops:
D:2 ?   D:6 =   D:7 =   D:9 *   D:12 [   D:13 =   Orc:1 *   Orc:2 =[=(*
Elf:1 [   Shoals:3 :   Shoals:4 :   Depths:1 [***   Depths:2 =*

Portals:
Hell: Depths:1 Depths:2 Depths:3 Depths:4*
Abyss: Lair:6 Depths:3 Depths:4
Pandemonium: Depths:2 Depths:4
Ziggurat: Depths:2

Annotations:
D:3 2 transporters
D:7 1 runed translucent door, Crazy Yiuf
Shoals:1 Roxanne
Depths:1 1 runed translucent door


Innate Abilities, Weirdness & Mutations

You have a pair of horns on your head.
You reflexively headbutt those who attack you in melee.
You are clumsy. (Dex -2)
Your body often deteriorates upon taking damage.
Your magical capacity is very low. (-20% MP)


Message History

Your body deteriorates!
You feel weakened.
With a swish of your cloak, you release a cloud of fog.
The fireball engulfs the orb of fire.
The orb of fire completely resists.
The fireball engulfs the orb of fire.
The orb of fire completely resists.
An orb of fire comes into view.
You feel much better.
You feel yourself speed up.
An orb of fire comes into view.
The orb of fire glows deep purple.
The fireball explodes!
The fireball engulfs the orb of fire.
The orb of fire completely resists.
The fireball engulfs you! You resist.
* * * LOW HITPOINT WARNING * * *
The fireball engulfs the orb of fire.
The orb of fire completely resists.
The fireball engulfs the orb of fire.
The orb of fire completely resists.
You feel protected.
The orb of fire emits a lurid red light.
The fireball explodes!
The fireball engulfs the orb of fire.
The orb of fire completely resists.
The fireball engulfs you! You resist.
* * * LOW HITPOINT WARNING * * *
The fireball engulfs the orb of fire.
The orb of fire completely resists.
The fireball engulfs the orb of fire.
The orb of fire completely resists.
A quicksilver dragon comes into view.
You feel much better. You block the Orb Guardian's attack.
An Orb Guardian comes into view.
Blink to where?
Press: ? - help, Dir - move target A Killer Klown and 3 orbs of fire come into view.
The Killer Klown is wielding a +11 vorpal club.
As you read the scroll of blinking, it crumbles to dust.
The quicksilver dragon breathes dispelling energy at you.
The bolt of dispelling energy hits you!!
Your magical effects are unravelling.
* * * LOW HITPOINT WARNING * * *
With a swish of your cloak, you release a cloud of fog.
The orb of fire glows red.
The fireball explodes!
The fireball engulfs you!! You resist.
* * * LOW HITPOINT WARNING * * *
The orb of fire emits a lurid red light.
The bolt of fire hits you! You resist.
You die...

**** ****,,,,,,,, ▓▓▓▓#
#▓▓▓▓▓▓▓▓▓▓▓# ^^..###
###.§*§*2§.X... ##....##
##..X.##LXX^....
,###...###########..X###*X§......
,,*##..........*XD..###..........
,^* ##....p..**..§*## #..........
,,* #.........§§§.# #..........
,,* ##........§@§## #..........
,,* #...)....§§§# #.......... ^,*
##.......§...## #.....^[... ,**
#.............# ##........L **
*#.............#* ##........ *
#......)).......# ##..^....
**▓▓########)########▓▓▓▓#####***
,,.........)...⌠.............#
,,...........................#


You could see 5 orbs of fire, a Killer Klown, a quicksilver dragon (catching
breath) and 3 Orb Guardians.

Vanquished Creatures
  4 dread liches
  3 orbs of fire
  A juggernaut (Depths:2)
  A Killer Klown (Zot:2)
  4 curse toes
  15 golden dragons
  13 caustic shrikes
  A golden dragon (shapeshifter) (Vaults:5)
  3 electric golems
  Rupert (Lair:5)
  7 Orb Guardians (Zot:5)
  A lich (Vaults:5)
  23 tentacled monstrosities
  Asterion (Vaults:1)
  2 deep elf master archers (Elf:3)
  5 titans
  A walking earthen tome (Depths:4)
  3 deep elf blademasters
  5 quicksilver dragons
  A kraken (Shoals:4)
  7 death cobs
  8 sphinxes
  7 tengu reavers
  Donald (Vaults:1)
  7 draconian monks
  2 draconian knights
  19 vault wardens
  6 shadow dragons
  14 storm dragons
  8 frost giants
  5 draconian scorchers
  A balrug (Depths:2)
  6 deep elf sorcerers
  Louise (Elf:2)
  8 fire giants
  6 emperor scorpions
  A curse skull (Vaults:2)
  An iron dragon (Depths:2)
  2 spriggan defenders (Depths:3)
  A cacodemon (Depths:2)
  4 ghost moths
  7 deep elf elementalists
  A war gargoyle (Vaults:5)
  2 draconian stormcallers
  6 draconian annihilators
  A caustic shrike skeleton (Depths:3)
  18 very ugly things
  5 draconian shifters
  21 ironbound preservers
  16 stone giants
  7 ironbound thunderhulks
  Nessos (Lair:5)
  11 green draconians
  8 deep elf demonologists
  5 entropy weavers
  3 vampire knights
  2 spark wasps (Spider:3)
  3 minotaurs
  5 dire elephants
  9 yellow draconians
  A wendigo (Depths:1)
  12 white draconians
  16 purple draconians
  6 deep elf annihilators
  14 black draconians
  18 red draconians
  An eidolon (Vaults:2)
  4 ettins
  9 deep elf death magi
  10 deep elf high priests
  6 merfolk impalers
  17 yaktaur captains
  6 jiangshi
  5 merfolk javelineers
  9 fire dragons
  9 ice dragons
  34 vault guards
  6 great orbs of eyes
  3 rakshasas
  3 spriggan air magi (Depths:4)
  A caustic shrike simulacrum (Depths:1)
  10 hydras
  2 ogre magi
  2 catoblepae
  5 merfolk avatars
  4 radroaches
  7 centaur warriors
  10 ironbound frosthearts
  A merfolk aquamancer (Shoals:4)
  8 boulder beetles
  5 two-headed ogres
  27 dancing weapons
  12 satyrs
  2 hell hogs (Depths:2)
  6 tengu warriors
  9 deep troll shamans
  4 vampire magi
  10 death yaks
  12 hell knights
  8 orc high priests
  8 spriggan berserkers
  4 deep troll earth magi
  3 thrashing horrors (Lair:6)
  20 deep elf knights
  4 sun demons
  Nergalle (Orc:1)
  2 soul eaters (Depths:1)
  A shadow wraith (Vaults:5)
  2 sun moths
  A salamander mystic (Depths:2)
  A death drake (shapeshifter) (Lair:6)
  6 sea snakes
  9 pharaoh ants
  8 skeletal warriors
  12 orb spiders
  5 iron trolls
  3 flayed ghosts
  An orange crystal statue (Elf:1)
  11 steelbarb worms
  67 deep trolls
  9 deep elf archers
  3 glowing orange brains
  14 harpies
  12 ironbound convokers
  A steelbarb worm (shapeshifter) (Vaults:5)
  5 orc knights (Orc:2)
  25 deep elf zephyrmancers
  11 necromancers
  6 lindwurms
  15 wizards
  7 phantasmal warriors
  20 deep elf pyromancers
  5 orc sorcerers (Orc:2)
  14 fauns
  A wolf spider (shapeshifter) (Lair:6)
  39 slime creatures
  A fire giant zombie (Depths:1)
  53 ugly things
  12 wolf spiders
  14 manticores
  4 salamanders
  5 cyclopes
  28 moths of wrath
  21 elephants
  5 black mambas
  A fire giant skeleton (Depths:1)
  13 vault sentinels
  6 smoke demons
  An orange demon (Depths:2)
  4 water nymphs
  6 merfolk sirens
  An elephant (shapeshifter) (Depths:2)
  Joseph (D:8)
  A gargoyle (D:12)
  13 cane toads
  30 yaktaurs
  10 torpor snails
  A komodo dragon (shapeshifter) (D:15)
  3 rime drakes
  5 tengu conjurers
  9 demonic crawlers
  15 komodo dragons
  A freezing wraith (D:15)
  2 ancient zymes (Lair:6)
  2 red devils (Depths:2)
  A troll (shapeshifter) (D:14)
  A polar bear (shapeshifter) (D:15)
  9 meliai
  5 trolls
  An ice devil (Depths:2)
  A tarantella (shapeshifter) (D:15)
  A merfolk (shapeshifter) (Vaults:5)
  34 merfolk
  5 hornets
  4 polar bears
  A queen bee (D:8)
  2 sphinx simulacra
  7 dream sheep
  4 wind drakes (Shoals:4)
  An ettin zombie (Vaults:2)
  16 tarantellas
  10 snapping turtles
  A stone giant simulacrum (Depths:1)
  30 blink frogs
  A ynoxinul (Lair:6)
  A centaur simulacrum (D:15)
  7 air elementals
  14 jumping spiders
  6 water elementals
  20 culicivoras
  3 spriggans
  2 spriggans (shapeshifter)
  8 wyverns
  A spriggan skeleton (Depths:1)
  Eustachio (D:5)
  3 wraiths
  8 humans (D:14)
  9 basilisks
  A chaos spawn (Lair:6)
  50 yaks
  A golden eye (Lair:5)
  10 small abominations (Lair:6)
  10 vampire mosquitoes
  42 redbacks
  A neqoxec (Depths:4)
  A large abomination (Lair:6)
  5 wargs
  An acid dragon (D:14)
  19 water moccasins
  A floating eye (Depths:4)
  A swamp drake (D:9)
  A hornet zombie (D:7)
  21 orc warriors
  5 sky beasts
  2 black bears
  2 necrophages (D:7)
  7 ogres
  9 centaurs
  19 wolves
  A phantom (D:5)
  2 kobold brigands (D:9)
  A bullfrog (shapeshifter) (Vaults:5)
  13 bullfrogs
  A human simulacrum (Vaults:2)
  A gnoll sergeant (D:6)
  6 scorpions
  A water moccasin zombie (D:5)
  4 earth elementals
  6 killer bees
  An electric eel (Lair:3)
  5 centaur zombies
  14 orc priests
  4 hounds
  A bullfrog skeleton (D:5)
  A gnoll shaman (D:5)
  2 centaur skeletons
  4 iguanas
  4 hell rats (Lair:6)
  37 orc wizards
  A howler monkey zombie (D:9)
  Robin (D:3)
  14 gnolls
  9 adders
  3 shadow imps
  2 white imps
  2 worms
  2 dart slugs
  90 orcs
  7 ball pythons
  5 endoplasms
  A giant cockroach (D:1)
  14 goblins
  7 hobgoblins
  8 jackals
  10 kobolds
  4 quokkas
  2 bats
  3 frilled lizards (D:1)
  3 rats
  A fire vortex (Depths:1)
  4 tentacles (Shoals:4)
2028 creatures vanquished.

Vanquished Creatures (collateral kills)
  4 killer bees (D:8)
4 creatures vanquished.

Vanquished Creatures (others)
  A draconian knight (Zot:4)
  A deep elf sorcerer (Vaults:4)
  A sea snake (Shoals:4)
  A harpy (Shoals:4)
  A manticore (Shoals:4)
  A frost giant simulacrum (Depths:1)
  A redback (Spider:3)
  A human (D:14)
  2 killer bees (D:8)
  An orc priest (Orc:2)
  An orc wizard (Elf:1)
  An orc (Elf:1)
  84 fungi
  205 plants
  4 tentacles (Shoals:4)
306 creatures vanquished.

Grand Total: 2338 creatures vanquished

Notes
Turn   | Place    | Note
-------+----------+-------------------------------------------
     0 | D:1      | jjjjhere the Minotaur Fighter began the quest for the Orb.
     0 | D:1      | Reached XP level 1. HP: 19/19 MP: 0/0
   255 | D:1      | Reached XP level 2. HP: 27/27 MP: 1/1
   542 | D:1      | Found a faded altar of an unknown god.
   718 | D:1      | Reached XP level 3. HP: 33/33 MP: 2/2
  1176 | D:2      | Found Vuemaz's Magic Scroll Boutique.
  1184 | D:2      | Bought a scroll of identify for 22 gold pieces
  1805 | D:3      | Found an opulent altar of Gozag.
  1905 | D:3      | Reached XP level 4. HP: 40/40 MP: 3/3
  2225 | D:3      | Found a transporter.
  2279 | D:3      | Noticed Robin
  2315 | D:3      | Killed Robin
  2417 | D:3      | Found a transporter.
  2614 | D:4      | Reached skill level 5 in Axes
  2614 | D:4      | Reached XP level 5. HP: 39/47 MP: 4/4
  2615 | D:4      | HP: 14/47 [killer bee (3)]
  2618 | D:4      | HP: 6/70 [killer bee (5)]
  3109 | D:4      | Reached skill level 5 in Fighting
  3109 | D:4      | Reached skill level 5 in Shields
  3334 | D:4      | Reached XP level 6. HP: 54/56 MP: 5/5
  3557 | D:5      | Entered Level 5 of the Dungeon
  3862 | D:5      | Reached XP level 7. HP: 62/62 MP: 6/6
  4357 | D:5      | Noticed Eustachio
  4366 | D:5      | HP: 19/64 [orc wizard/puff of flame (10)]
  4370 | D:5      | HP: 4/64 [orc priest/nerve-wracking pain (13)]
  4717 | D:5      | Killed Eustachio
  4718 | D:5      | Reached XP level 8. HP: 65/71 MP: 7/7
  4818 | D:5      | Found a staircase to the Ecumenical Temple.
  4825 | Temple   | Entered the Ecumenical Temple
  4855 | Temple   | Became a worshipper of Makhleb the Destroyer
  5259 | D:5      | Identified a scroll of acquirement
  5259 | D:5      | Acquired a +2 broad axe of freezing
  5329 | D:6      | Found an iron altar of Okawaru.
  5337 | D:6      | Reached skill level 10 in Axes
  6093 | D:6      | Reached XP level 9. HP: 79/79 MP: 8/8
  6115 | D:6      | Found a shimmering altar of Xom.
  6276 | D:6      | Found Vuicug's Jewellery Boutique.
  6350 | D:7      | Found a flagged portal.
  6362 | Bailey   | Entered a bailey
  6532 | D:7      | Reached * piety under Makhleb
  6786 | D:7      | Found a hazy altar of Hepliaklqana.
  7028 | D:7      | Found a runed translucent door.
  7029 | D:7      | Noticed Crazy Yiuf
  7109 | D:8      | Found the +8 trident of the Octopus King {venom, rElec
                  | rPois}
  7145 | D:8      | Noticed Joseph
  7161 | D:8      | Killed Joseph
  7666 | D:8      | Noticed a queen bee
  7688 | D:8      | Killed a queen bee
  7688 | D:8      | Reached ** piety under Makhleb
  7689 | D:8      | Reached skill level 15 in Axes
  7874 | D:8      | Found a bloodstained altar of Trog.
  7945 | D:8      | Reached XP level 10. HP: 79/86 MP: 9/9
  7966 | D:8      | Identified the amulet of Conversion {Spirit *Slow +Blink
                  | rElec Dex+5}
  8294 | D:8      | Identified the +6 scale mail "Wuovusk" {rF+ rN+ Int+2}
  8452 | D:8      | Found a stormy altar of Qazlal.
  8455 | D:8      | Found a sacrificial altar of Ru.
  8457 | D:8      | Found a blossoming altar of Fedhas.
  8512 | D:9      | Found a broken altar of Ashenzari.
  8563 | D:9      | Found a basalt altar of Yredelemnul.
  8625 | D:9      | Noticed a centaur warrior
  8639 | D:9      | Killed a centaur warrior
  8958 | D:9      | Found a staircase to the Orcish Mines.
  9053 | D:9      | Reached *** piety under Makhleb
 10026 | D:9      | Found a staircase to the Lair.
 10038 | D:9      | Reached skill level 1 in Dodging
 10170 | Lair:1   | Entered Level 1 of the Lair of Beasts
 10242 | Lair:1   | Reached skill level 1 in Invocations
 10300 | Lair:1   | Noticed a black mamba
 10305 | Lair:1   | Reached XP level 11. HP: 92/92 MP: 10/10
 10441 | Lair:1   | Noticed a five-headed hydra
 10465 | Lair:1   | Reached skill level 5 in Armour
 10471 | Lair:1   | Killed a five-headed hydra
 10476 | Lair:1   | Reached **** piety under Makhleb
 11391 | Lair:2   | Noticed a six-headed hydra
 11399 | Lair:2   | Killed a six-headed hydra
 11488 | Lair:2   | Noticed a five-headed hydra
 11507 | Lair:2   | Killed a five-headed hydra
 11508 | Lair:2   | Reached skill level 5 in Dodging
 11523 | Lair:2   | Reached skill level 5 in Invocations
 11847 | Lair:2   | Reached XP level 12. HP: 106/106 MP: 14/14
 11852 | Lair:2   | Noticed a death yak
 11867 | Lair:2   | Killed a death yak
 11870 | Lair:2   | Noticed a death yak
 11870 | Lair:2   | Noticed a death yak
 11872 | Lair:2   | Noticed a death yak
 11872 | Lair:2   | Noticed a death yak
 11888 | Lair:1   | Killed a death yak
 11893 | Lair:1   | Killed a death yak
 11894 | Lair:1   | Reached skill level 10 in Fighting
 12094 | Lair:2   | Killed a death yak
 12096 | Lair:2   | Killed a death yak
 12671 | Lair:3   | Found a hole to the Spider Nest.
 12979 | Lair:3   | Noticed a catoblepas
 12990 | Lair:3   | Killed a catoblepas
 13611 | Lair:4   | Reached ***** piety under Makhleb
 13615 | Lair:4   | Found a staircase to the Shoals.
 13748 | Lair:4   | Noticed an eight-headed hydra
 13763 | Lair:4   | Killed an eight-headed hydra
 14128 | Lair:4   | Noticed a boulder beetle
 14141 | Lair:4   | Killed a boulder beetle
 14315 | Lair:4   | Reached XP level 13. HP: 116/116 MP: 17/17
 14454 | Lair:4   | Reached skill level 10 in Armour
 14871 | Lair:5   | Noticed Rupert
 15232 | Lair:5   | HP: 36/118 [Rupert/+3 executioner's axe of flaming (28)]
 15241 | Lair:5   | HP: 3/118 [Rupert/+3 executioner's axe of flaming (27)]
 15241 | Lair:5   | HP: 1/118 [Rupert/+3 executioner's axe of flaming (2)]
 15246 | Lair:5   | Killed Rupert
 15634 | Lair:5   | Noticed Nessos
 15655 | Lair:5   | HP: 39/119 [poisoned by Nessos]
 15660 | Lair:5   | HP: 35/119 [poisoned by Nessos]
 15661 | Lair:5   | Killed Nessos
 16027 | Lair:5   | Noticed a dire elephant
 16042 | Lair:5   | Killed a dire elephant
 16301 | Lair:5   | Noticed Sonja
 16302 | Lair:5   | Noticed Sonja
 16302 | Lair:5   | Sonja changed into Sonja the golden eye
 16307 | Lair:5   | Killed Sonja the golden eye
 16597 | Lair:6   | Entered Level 6 of the Lair of Beasts
 16633 | Lair:5   | Reached skill level 10 in Dodging
 16993 | Lair:6   | Reached XP level 14. HP: 129/129 MP: 18/18
 17022 | Lair:6   | Reached ****** piety under Makhleb
 17351 | Lair:6   | Identified the ring of Hoclar {MP+9 Str+6 Dex-5 Slay+6
                  | Stlth+}
 17520 | Lair:6   | Identified the +10 flail of Valiance {elec, rElec Dex+3}
 17554 | Lair:6   | Found a staircase to the Slime Pits.
 17554 | Lair:6   | Found a viscous altar of Jiyva.
 17813 | Lair:6   | Reached skill level 10 in Shields
 18169 | Lair:6   | Found a corrupted altar of Lugonu.
 18169 | Lair:6   | Found a one-way gate to the infinite horrors of the Abyss.
 18497 | Orc:1    | Entered Level 1 of the Orcish Mines
 18497 | Orc:1    | Found Oplog's Assorted Antiques.
 18550 | Orc:1    | Bought a scroll of identify for 48 gold pieces
 18744 | Orc:2    | Entered Level 2 of the Orcish Mines
 18783 | Orc:2    | HP: 34/133 [orc high priest/divine providence (10)]
 19264 | Orc:2    | Found a staircase to the Elven Halls.
 19620 | Orc:2    | Found Geac's Weapon Emporium.
 19620 | Orc:2    | Found Bigania's Jewellery Boutique.
 19788 | Orc:2    | Found Dosheuss's Jewellery Emporium.
 19788 | Orc:2    | Found Ownong's Antique Armour Boutique.
 19799 | Orc:2    | Bought the ring of Quroxa {rElec Will+ rCorr Dex+4 Stlth-}
                  | for 559 gold pieces
 20197 | Orc:2    | Reached XP level 15. HP: 112/139 MP: 21/21
 20487 | Orc:1    | Noticed Nergalle
 20497 | Orc:1    | Killed Nergalle
 20799 | D:10     | Entered Level 10 of the Dungeon
 22019 | D:12     | Found an ornate altar of the Wu Jian Council.
 22239 | D:12     | Found Itel's Armour Shop.
 22242 | D:12     | Bought the +0 pair of fencer's gloves {Riposte Dex+3} for
                  | 480 gold pieces
 22242 | D:12     | Found the +0 pair of fencer's gloves {Riposte Dex+3}
 22633 | D:12     | Reached skill level 15 in Fighting
 22802 | D:13     | Reached skill level 10 in Invocations
 23015 | D:13     | Found Neusu's One-of-a-Kind Rings.
 23587 | D:14     | Acquired 722 gold pieces
 24048 | D:14     | Found a gate to the Vaults.
 24159 | D:15     | Entered Level 15 of the Dungeon
 24336 | D:15     | Found a shimmering blue altar of Sif Muna.
 24669 | D:15     | Found a staircase to the Depths.
 24669 | D:15     | Noticed a frost giant
 24673 | D:15     | HP: 46/143 [frost giant/+1 battleaxe of freezing (7)]
 24676 | D:15     | Killed a frost giant
 25038 | D:15     | Reached skill level 15 in Armour
 25321 | D:13     | Bought the ring of the King {Fly rCorr Str+3} for 495 gold
                  | pieces
 25569 | Shoals:1 | Entered Level 1 of the Shoals
 25653 | Shoals:1 | Reached XP level 16. HP: 132/151 MP: 23/23
 25713 | Shoals:1 | Identified Roxanne's Almanac of Moulding
 25713 | Shoals:1 | Noticed Roxanne
 26356 | Shoals:2 | HP: 48/152 [satyr/sling bullet (25)]
 27762 | Shoals:3 | Found Ruock's Book Shop.
 27911 | Shoals:3 | Reached skill level 1 in Throwing
 28487 | Shoals:4 | Entered Level 4 of the Shoals
 28536 | Shoals:4 | HP: 48/152 [merfolk aquamancer/ball of steam (19)]
 28541 | Shoals:3 | HP: 36/152 [poisoned by a merfolk aquamancer]
 29490 | Shoals:4 | Noticed a kraken
 29505 | Shoals:4 | Killed a kraken
 29633 | Shoals:4 | Reached skill level 15 in Shields
 30136 | Shoals:4 | Reached skill level 5 in Throwing
 30204 | Shoals:4 | Identified the +6 short sword "Liovonus" {vorpal, Dex+3}
 30204 | Shoals:4 | Identified the ring "Foimpeb" {Wiz *Corrode rPois rC+
                  | Dex+3}
 30570 | Shoals:4 | Noticed a sphinx
 30583 | Shoals:4 | Killed a sphinx
 30892 | Shoals:4 | Reached XP level 17. HP: 161/161 MP: 24/24
 30898 | Shoals:4 | HP: 50/161 [wind drake/the air (9)]
 32303 | Shoals:4 | Got a barnacled rune of Zot
 32636 | Spider:1 | Entered Level 1 of the Spider Nest
 32669 | Spider:1 | Reached skill level 1 in Evocations
 33897 | Spider:2 | You fall into a shaft and drop 1 floor!
 34079 | Spider:3 | Got the Handbook of the Glacier and Bewitchment
 35635 | Spider:4 | Entered Level 4 of the Spider Nest
 35679 | Spider:3 | HP: 43/162 [spark wasp (12)]
 36365 | Spider:3 | Reached XP level 18. HP: 168/173 MP: 25/25
 36902 | Spider:3 | Reached skill level 5 in Evocations
 37677 | Spider:4 | Got a gossamer rune of Zot
 38247 | Vaults:1 | Entered Level 1 of the Vaults
 38634 | Vaults:1 | Noticed Asterion
 38644 | Vaults:1 | Killed Asterion
 38646 | Vaults:1 | HP: 55/176 [poisoned by Asterion]
 38651 | Vaults:1 | HP: 46/176 [poisoned by Asterion]
 38656 | Vaults:1 | HP: 43/176 [poisoned by Asterion]
 38976 | Vaults:1 | Noticed Donald
 38981 | Vaults:1 | Killed Donald
 39727 | Vaults:2 | HP: 51/176 [yaktaur captain/bolt (40)]
 40162 | Vaults:2 | Reached XP level 19. HP: 182/184 MP: 26/26
 40455 | Vaults:2 | HP: 46/184 [ironbound frostheart/creeping frost[a vault
                  | warden] (24)]
 40763 | Vaults:2 | Found the +2 cloak of the Thief {*Fog Slay-2 SInv Stlth+}
 41082 | Vaults:2 | Found a staircase to the Crypt.
 41093 | Vaults:2 | HP: 52/185 [vault warden/+5 vampiric battleaxe (50)]
 42459 | Vaults:3 | Identified the +7 shortbow of Propriety {venom, rF- rCorr
                  | Int-4 SInv}
 43160 | Vaults:4 | Reached XP level 20. HP: 193/195 MP: 27/27
 43796 | Vaults:4 | Noticed a golden dragon
 43801 | Vaults:4 | Killed a golden dragon
 44581 | Elf:1    | Entered Level 1 of the Elven Halls
 44945 | Depths:1 | Entered Level 1 of the Depths
 45314 | Depths:1 | Found Kyhod's Antique Armour Emporium.
 45314 | Depths:1 | Found Buap's Assorted Antiques.
 45344 | Depths:1 | Found Uggaph's General Store.
 45366 | Depths:1 | Bought a condenser vane for 800 gold pieces
 45617 | Depths:1 | Found a runed translucent door.
 45618 | Depths:1 | Noticed a caustic shrike
 45690 | Depths:1 | Noticed a caustic shrike
 45691 | Depths:1 | Noticed a caustic shrike
 45694 | Depths:1 | Noticed a caustic shrike
 45695 | Depths:1 | Noticed a caustic shrike
 45702 | Depths:1 | Killed a caustic shrike
 45703 | Depths:1 | Killed a caustic shrike
 45704 | Depths:1 | Killed a caustic shrike
 45706 | Depths:1 | Killed a caustic shrike
 46488 | Depths:1 | Paralysed by a wendigo for 1 turns
 46493 | Depths:1 | HP: 56/198 [wendigo (40)]
 46744 | Depths:1 | Found Big Baal Hell's Store.
 46750 | Depths:1 | Found a gateway to Hell.
 47223 | Depths:2 | Noticed a juggernaut
 47231 | Depths:2 | Killed a juggernaut
 47848 | Depths:2 | Identified the +3 ring mail of Gravity {Drain Will+ Regen+
                  | Int+3}
 48264 | Depths:2 | Reached XP level 21. HP: 207/207 MP: 28/28
 48399 | Depths:2 | Found a one-way gateway to a ziggurat.
 48406 | Depths:2 | Found Zouddont's Assorted Antiques.
 48406 | Depths:2 | Found Beoruargh's Jewellery Shop.
 48521 | Depths:2 | Found a one-way gate leading to the halls of Pandemonium.
 48526 | Depths:2 | Gained mutation: Your magical capacity is low. (-10% MP) [a
                  | cacodemon]
 48730 | Depths:2 | Noticed a golden dragon
 48736 | Depths:2 | Killed a golden dragon
 49695 | Depths:3 | Noticed a caustic shrike
 49702 | Depths:3 | Killed a caustic shrike
 49976 | Depths:3 | Noticed a caustic shrike
 49989 | Depths:3 | Killed a caustic shrike
 50105 | Depths:3 | Reached skill level 15 in Dodging
 50322 | Depths:3 | Identified the +0 helmet of Tenacity {rF+ Str+7 Int+2}
 50325 | Depths:3 | Identified the +3 chain mail of Living Knowledge {+Inv
                  | rElec rC+}
 50568 | Depths:3 | Acquired 638 gold pieces
 50891 | Depths:3 | Noticed a golden dragon
 51462 | Depths:3 | Killed a golden dragon
 51662 | Depths:3 | Identified the +5 scimitar of Olyweug {venom, *Slow Str+4
                  | Int+2}
 51662 | Depths:3 | Identified the +2 leather armour of Privacy {Str+8}
 52001 | Depths:4 | Entered Level 4 of the Depths
 52177 | Depths:4 | Found a gate to the Realm of Zot.
 52177 | Depths:4 | Noticed a golden dragon
 52177 | Depths:4 | Noticed a golden dragon
 52184 | Depths:4 | Killed a golden dragon
 52190 | Depths:4 | Killed a golden dragon
 52193 | Depths:4 | Reached XP level 22. HP: 216/220 MP: 26/26
 52216 | Depths:4 | Paralysed by a floating eye for 2 turns
 52464 | Depths:4 | Identified the +3 leather armour of Etsuc {-Tele rElec
                  | Str+4}
 52479 | Depths:4 | Found an opulent altar of Gozag.
 52555 | Depths:4 | Noticed a caustic shrike
 52555 | Depths:4 | Noticed a caustic shrike
 52556 | Depths:4 | Noticed a caustic shrike
 52565 | Depths:4 | Killed a caustic shrike
 52572 | Depths:4 | Killed a caustic shrike
 52576 | Depths:4 | HP: 67/220 [caustic shrike (22)]
 52797 | Depths:4 | Killed a caustic shrike
 53334 | Depths:4 | Found a glowing silver altar of Zin.
 53379 | Depths:4 | Noticed a caustic shrike
 53379 | Depths:4 | Noticed a caustic shrike
 53381 | Depths:4 | Noticed a caustic shrike
 53392 | Depths:4 | Killed a caustic shrike
 53398 | Depths:4 | Killed a caustic shrike
 53414 | Depths:4 | Noticed a caustic shrike
 53416 | Depths:4 | Killed a caustic shrike
 53421 | Depths:4 | Killed a caustic shrike
 53488 | Depths:4 | Noticed a golden dragon
 53534 | Depths:4 | Killed a golden dragon
 54747 | Elf:1    | Found a runed translucent gate.
 54747 | Elf:1    | Found a runed translucent gate.
 54747 | Elf:1    | Found a runed translucent gate.
 54747 | Elf:1    | Found a runed translucent gate.
 54747 | Elf:1    | Found a runed translucent gate.
 54754 | Elf:1    | Found a runed translucent gate.
 54815 | Elf:1    | Found Igetz's Armour Shoppe.
 55337 | Elf:2    | Paralysed by an air elemental for 1 turns
 55357 | Elf:2    | Noticed Louise
 55376 | Elf:2    | Killed Louise
 55512 | Elf:2    | Found a runed translucent gate.
 55512 | Elf:2    | Found a runed translucent gate.
 55512 | Elf:2    | Found a runed translucent gate.
 55864 | Elf:2    | Found a shimmering blue altar of Sif Muna.
 56562 | Elf:3    | Entered Level 3 of the Elven Halls
 56593 | Elf:3    | Reached XP level 23. HP: 229/229 MP: 26/26
 56662 | Elf:3    | Reached skill level 10 in Throwing
 56858 | Elf:3    | Identified the +12 trident "Ficofum" {antimagic, *Rage
                  | rCorr Int+6}
 56878 | Elf:3    | Identified the ring of the Heavens {rPois rF+ Int+6 Dex-3
                  | Stlth+}
 56921 | Elf:3    | Identified the +8 great sword of Forgiveness {vamp, *Rage
                  | rF+++ rC+ Str+3}
 57533 | Vaults:5 | Entered Level 5 of the Vaults
 57901 | Vaults:5 | Identified the +10 gold dragon scales of Fashionability
                  | {rPois rF+ rC+ SInv}
 58341 | Vaults:5 | Noticed a caustic shrike
 58341 | Vaults:5 | a shadow dragon changed into a caustic shrike
 58345 | Vaults:5 | a caustic shrike changed into a golden dragon
 58476 | Vaults:5 | Noticed a dread lich
 58486 | Vaults:5 | Killed a dread lich
 58644 | Vaults:5 | Got a silver rune of Zot
 58645 | Vaults:5 | Identified the ring of Homenn {rF- Will+ rCorr Dex+3}
 59060 | Vaults:5 | Identified the amulet "Ipall" {RegenMP Drain Will+ Int+4
                  | Dex+5}
 59081 | Vaults:5 | Reached XP level 24. HP: 225/240 MP: 26/26
 60436 | Zot:1    | Entered Level 1 of the Realm of Zot
 60439 | Depths:4 | Acquired 814 gold pieces
 60756 | D:6      | Bought the amulet "Yhocsops" {Spirit Will+ Str+3 Dex+4} for
                  | 744 gold pieces
 61581 | Zot:1    | Reached skill level 10 in Evocations
 62455 | Zot:2    | Noticed an orb of fire
 62461 | Zot:1    | Gained mutation: You are clumsy. (Dex -2) [an orb of fire]
 62469 | Zot:1    | Killed an orb of fire
 63392 | Zot:2    | Noticed a dread lich
 63392 | Zot:2    | Noticed a dread lich
 63406 | Zot:2    | HP: 68/243 [???[a dread lich] (49)]
 63413 | Zot:2    | Killed a dread lich
 63421 | Zot:2    | Killed a dread lich
 63768 | Zot:2    | Noticed an orb of fire
 63771 | Zot:2    | Gained mutation: Your magical capacity is very low. (-20%
                  | MP) [an orb of fire]
 63777 | Zot:2    | Killed an orb of fire
 64040 | Zot:2    | Noticed a Killer Klown
 64051 | Zot:2    | Killed a Killer Klown
 65490 | Zot:3    | Reached XP level 25. HP: 253/253 MP: 23/23
 67084 | Zot:5    | Entered Level 5 of the Realm of Zot
 67417 | Zot:4    | HP: 81/253 [??? (62)]
 68236 | Zot:5    | Noticed a dread lich
 68236 | Zot:5    | Paralysed by a dread lich for 6 turns
 68243 | Zot:5    | Noticed a dread lich
 68263 | Zot:5    | Killed a dread lich
 68265 | Zot:5    | Noticed an orb of fire
 68269 | Zot:5    | Noticed an orb of fire
 68272 | Zot:5    | Noticed an orb of fire
 68274 | Zot:5    | Gained mutation: Your body sometimes deteriorates upon
                  | taking damage. [an orb of fire]
 68276 | Zot:5    | Killed an orb of fire
 68276 | Zot:5    | HP: 74/254 [orb of fire/fireball (30)]
 68278 | Zot:5    | Gained mutation: Your body often deteriorates upon taking
                  | damage. [an orb of fire]
 68280 | Zot:5    | HP: 36/255 [orb of fire/fireball (31)]
 68281 | Zot:5    | Noticed an orb of fire
 68281 | Zot:5    | Noticed an orb of fire
 68284 | Zot:5    | Noticed a Killer Klown
 68284 | Zot:5    | Noticed an orb of fire
 68284 | Zot:5    | Noticed an orb of fire
 68284 | Zot:5    | Noticed an orb of fire
 68284 | Zot:5    | HP: 12/255 [orb of fire/fireball (25)]
 68284 | Zot:5    | Killed from afar by an orb of fire

Illustrated notes

Levels and vault maps discovered:
D:1:      tarquinn_simple_flora_water_a, layout_basic, basic_ecumenical_altar
D:2:      layout_loops_ring, serial_shops, nicolae_diamond_shop,
          grunt_decor_mini_mirrors
D:3:      layout_basic, mainiacjoe_overflow_tiny_flanked,
          gammafunk_ghost_gnarly_gnolls, minmay_misc_feat_columns, uniq_robin
D:4:      layout_basic, serial_glass, glass_columns_c, glass_columns_c,
          feat_on_display, feat_on_display, minmay_manual_moon
D:5:      layout_rooms, minmay_temple_entry_wispy, uniq_eustachio
D:6:      layout_basic, xom_teletrap_fun, kennysheep_okawaru_gauntlet,
          nicolae_take_the_stairs
D:7:      layout_rooms, mainiacjoe_overflow_surrounded_room, enter_bailey_2,
          kennysheep_dice, uniq_crazy_yiuf_cottage
D:8:      layout_gridville, grunt_temple_overflow_diamond, marbit_many_paths,
          nicolae_looking_at_the_future, uniq_joseph
D:9:      layout_loops_ring, mainiacjoe_overflow_catwalk, kennysheep_little_box,
          erik_lair_dragon, david_orc_3
D:10:     minmay_flawed_box, layout_rooms
D:11:     layout_loops_ring, hangedman_decor_slide_cut
D:12:     layout_basic, serial_curves, eino_curves_04, eino_curves_01,
          serial_shops, kennysheep_mini, nzn_wu_jian_contemplation
D:13:     layout_rooms, nicolae_shop_unique_rings
D:14:     layout_stronghold, ximxim_vaults_locker_room
D:15:     grunt_enter_depths_snipers, layout_irregular_city,
          kennysheep_crisscross, nicolae_sif_muna_condensation
Temple:   minmay_temple_bridge_abc
Lair:1:   layout_small_grid, st_stairs_3, infiniplex_staircase_pool_2,
          serial_bayou_shore_a, grunt_megastairs_1
Lair:2:   nzn_winding_woodlands_cross [nzn_winding_woodlands_5x15_default,
          nzn_winding_woodlands_5x15_crooked,
          nzn_winding_woodlands_5x15_sidewinder, nzn_winding_woodlands_5x15_eye,
          nzn_winding_woodlands_15x15_killbox], layout_chaotic_city,
          cheibrodos_lair_caveside_slide
Lair:3:   layout_concentric_octagons, spider_nest_entry_web_field, serial_bayou,
          serial_bayou_lagoon_a, serial_bayou_ford_a, serial_bayou_pond_c,
          serial_bayou_crossing
Lair:4:   layout_cellular_growth, elwin_shoals_entry_rocks
Lair:5:   mu_elephants_graveyard, layout_cave_pods, st_stairs_7, uniq_nessos,
          uniq_rupert, uniq_sonja
Lair:6:   hellmonk_lair_end_abyssal_woods, layout_misc_corridors, slime_altar_1,
          hangedman_lair_unloving_vines, lemuel_fruit_tree
Shoals:1: layout_shoals, uniq_roxanne
Shoals:2: layout_shoals, nicolae_shoals_hunting_party
Shoals:3: layout_shoals, serial_shops, nicolae_stop_n_shop_1
Shoals:4: shoals_end_hellmonk_lost_city
Spider:1: layout_spider_delve, guppyfry_hornet_nest
Spider:2: layout_cave_pods, nicolae_spider_orb_run
Spider:3: layout_spider_delve, spiders_nest_spider_trap
Spider:4: hellmonk_spider_rune_bug_friends
Orc:1:    layout_caves, serial_shops, nicolae_shop_trees, bh_open_orc_temple,
          uniq_nergalle
Orc:2:    grunt_orc_tribal_feast, layout_caves, kennysheep_orc_chapel
Elf:1:    elf_arrival_002, layout_loops_ring, serial_shops, shop_statue,
          orc_legates, serial_sigils_hangedman_clutch, minivault_15
Elf:2:    elven_hall_of_blades_hangedman_original
          [nicolae_blade_entry_antechamber], layout_loops_cross, basic_altar,
          kb_rosetta, uniq_louise
Elf:3:    elf_hall, layout_gridlike, serial_shops, nicolae_lakefront_shop,
          minmay_shop_grove
Vaults:1: v_misc_31, v_misc_10, ontoclasm_vaults_idyll, v_alt_pattern_5,
          nicolae_vaults_angled_halls, ontoclasm_vaults_pinch,
          layout_vaults_big_room, uniq_donald, uniq_asterion
Vaults:2: ontoclasm_vaults_misaligned, hangedman_vaults_river_flow,
          minmay_crypt_entry_simple_round, hangedman_vaults_variations,
          nicolae_vaults_border_crossing, v_misc_27,
          nicolae_vaults_network_star, v_misc_27, grunt_vaults_bifocal,
          layout_vaults_maze_snakey
Vaults:3: vaults_room_door_ring, v_misc_8, v_misc_10,
          nicolae_vaults_ring_of_whatevers, vaults_room_pool,
          layout_vaults_omnigrid
Vaults:4: nicolae_vaults_windows_and_doors_thing, v_misc_8, vaults_mumra_lcd,
          v_misc_24, ontoclasm_vaults_ring_small, vaults_room_fancy_cross,
          vaults_dpeg_doors, nicolae_vaults_network_quinsquares
          [nicolae_vaults_network_quincunx_subvault,
          nicolae_vaults_network_quincunx_subvault,
          nicolae_vaults_network_quincunx_subvault,
          nicolae_vaults_network_quincunx_subvault], vaults_dpeg_encased_lava,
          st_lattice, v_rooms_2, ontoclasm_vaults_gateway,
          ontoclasm_vaults_fault, hangedman_vaults_cutoff, layout_vaults_ring
Vaults:5: serial_shops
Depths:1: layout_basic, nicolae_hell_entry_big_baal_hell,
          roderic_serpentine_path, kennysheep_treasure_room, minmay_shop_star
Depths:2: minmay_stepped, layout_cave_shapes, enter_ziggurat_f,
          lightli_enter_wizlab_magi_temple, ebering_dispersal_statue_hall,
          hellmouth_3, rand_demon_pan_entry_1, evilmike_butchery,
          minmay_shoptagon
Depths:3: hangedman_pleasuredromes, abyss_entry, hell_entry
Depths:4: grunt_x_marks_the_spot, layout_gridlike,
          nicolae_gozag_cash_rules_everything_around_me,
          grunt_pan_entry_in_and_out, hell_entry, zin_angel
Zot:1:    layout_concentric_octagons
Zot:2:    grunt_deathspiral_small, layout_cathedral_of_symmetry
Zot:3:    layout_cathedral_of_symmetry
Zot:4:    layout_onion
Zot:5:    layout_onion, grunt_ministairs_15

Skill      XL: |  1  2  3  4  5  6  7  8  9 10 11 12 13 14 15 16 17 18 19 20 21 22 23 24 25 |
---------------+----------------------------------------------------------------------------+-----
Axes           | 3 4 5 6 8 12 15 18 | 18.0
Fighting       | 4 5 6 7 9 11 13 14 16 17 18 19 20 22 23 24 25 26 | 26.4
Shields        | 4 5 8 11 13 15 17 18 19 20 21 | 21.8
Dodging        | 1 5 8 10 12 14 15 17 18 19 20 | 20.4
Armour         | 4 7 9 11 13 15 17 18 19 20 21 23 24 25 26 | 26.4
Invocations    | 1 5 7 9 10 | 10.6
Throwing       | 5 7 9 11 12 | 12.0
Evocations     | 4 5 7 9 11 12 | 12.8

Action                   |  1- 3 |  4- 6 |  7- 9 | 10-12 | 13-15 | 16-18 | 19-21 | 22-24 | 25-27 || total
-------------------------+-------+-------+-------+-------+-------+-------+-------+-------+-------++-------
Melee: War axe           |    68 |   114 |   105 |       |       |       |       |       |       ||   287
       Headbutt          |    15 |    17 |    45 |    81 |   219 |   272 |   379 |   400 |    97 ||  1525
       Broad axe         |       |       |   152 |   385 |   805 |   986 |  1164 |  1180 |   278 ||  4950
       Trident           |       |       |       |    23 |    43 |       |       |       |       ||    66
Throw: Dart              |       |       |     8 |       |     3 |       |       |       |       ||    11
       Boomerang         |       |       |       |       |       |    50 |    38 |    43 |    22 ||   153
Invok: Minor Destruction |       |       |       |    20 |       |    23 |       |       |       ||    43
       Lesser Servant of |       |       |       |       |     5 |     1 |     5 |       |       ||    11
Evoke: Wand              |       |       |     2 |       |     1 |       |       |       |       ||     3
       Condenser vane    |       |       |       |       |       |       |     2 |     6 |     1 ||     9
       Tin of tremorston |       |       |       |       |       |       |       |     4 |       ||     4
  Use: Scroll            |     1 |       |    11 |     8 |    12 |     5 |     4 |     8 |     4 ||    53
       Potion            |       |     3 |     2 |       |     2 |       |     1 |     5 |     5 ||    18
 Stab: Distracted        |       |       |       |       |       |       |     1 |       |       ||     1
Armor: Scale mail        |    25 |    56 |    92 |   154 |   231 |       |       |       |       ||   558
       Skin              |       |    10 |       |       |       |       |       |       |       ||    10
       Plate armour      |       |       |    40 |    11 |   136 |   510 |   310 |       |       ||  1007
       Gold dragon scale |       |       |       |       |       |       |    33 |   384 |    88 ||   505
Dodge: Dodged            |    38 |    43 |   100 |   144 |   301 |   410 |   322 |   374 |    96 ||  1828
Block: Buckler           |    13 |    32 |    60 |    82 |    39 |       |       |       |       ||   226
       Kite shield       |       |       |       |       |   254 |       |       |       |       ||   254
       Tower shield      |       |       |       |       |   122 |  1180 |   948 |  1055 |   232 ||  3537
       Rpst.: Broad axe  |       |       |       |       |     5 |    55 |    47 |    52 |     7 ||   166
